 Dungeon Crawl Stone Soup version 0.28.0-53-g5a82cb258f (webtiles) character file.

Game seed: 14354934663817349697

270 Descartes the Grasshopper (level 6, -5/59 HPs)
             Began as a Troll Warper on June 8, 2022.
             Slain by an ogre
             ... wielding a +0 giant club
              (21 damage)
             ... on level 4 of the Dungeon.
             The game lasted 00:04:05 (2195 turns).

Descartes the Grasshopper (Troll Warper)            Turns: 2195, Time: 00:04:05

Health: -5/59      AC:  4    Str: 20    XL:     6   Next: 1%
Magic:  6/6        EV:  8    Int:  9    God:
Gold:   159        SH:  7    Dex: 11    Spells: 7/7 levels left

rFire   . . .      SeeInvis .   p - +1 flail (vorpal)
rCold   . . .      Faith    .   g - +0 kite shield
rNeg    . . .      Spirit   .   b - +0 robe
rPois   .          Reflect  .   (helmet restricted)
rElec   .          Harm     .   (no cloak)
rCorr   .          Rampage  .   (gloves unavailable)
Will    .....                   (boots unavailable)
Stlth   +.........              (no amulet)
HPRegen 0.99/turn               (no ring)
MPRegen 0.10/turn               (no ring)

@: no status effects
A: large, unfitting armour, claws 3, regeneration 1, shaggy fur 1, tough skin 1
a: no special abilities


You were on level 4 of the Dungeon.
You visited 1 branch of the dungeon, and saw 4 of its levels.

You collected 159 gold pieces.

Inventory:

Hand Weapons
 l - a +1 war axe of draining
 p - a +1 vorpal flail (weapon)
Missiles
 d - 5 boomerangs of dispersal (quivered)
 h - 7 poisoned darts
 k - 143 stones
Armour
 b - a +0 robe (worn)
 g - a +0 kite shield (worn)
Scrolls
 a - a scroll of immolation
 c - a scroll of blinking
 j - 2 scrolls of identify
 o - a scroll of brand weapon
Potions
 e - a potion of might {unknown}
 f - a potion of attraction {unknown}
 i - 4 potions of curing {unknown}
 m - a potion of mutation {unknown}
 n - a potion of heal wounds {unknown}


   Skills:
 + Level 2.8 Fighting
 + Level 3.2 Maces & Flails
 - Level 0.8 Throwing
 - Level 1.9 Dodging
 + Level 2.1 Shields
 - Level 1.2 Spellcasting
 + Level 3.2 Translocations


You had 7 spell levels left.
You didn't know any spells.
Your spell library contained the following spells:

 Spells                   Type           Power      Damage    Failure   Level
 Blink                    Tloc           12%        N/A       34%         2
 Gell's Gravitas          Tloc           6%         N/A       56%         3
 Lesser Beckoning         Tloc           6%         N/A       56%         3
 Teleport Other           Tloc           6%         N/A       56%         3
 Sublimation of Blood     Necr           0%         N/A       80%         2
 Wereblood                Tmut           0%         N/A       80%         2
 Ignite Poison            Fire/Tmut/Pois 0%         N/A       95%         3
 Mephitic Cloud           Conj/Pois/Air  0%         N/A       95%         3
 Freezing Cloud           Conj/Ice/Air   0%         6-21      100%        5
 Manifold Assault         Tloc           6%         N/A       100%        5
 Summon Hydra             Summ           0%         N/A       100%        7


Dungeon Overview and Level Annotations

Branches:
Dungeon (4/15)
 Temple: D:4-7

Altars:

Annotations:
D:3 2 transporters, NoAnimeNoLife's ghost, amateur OpHu


Innate Abilities, Weirdness & Mutations

You are too large for most types of armour.
You have claws for hands.
Your natural rate of healing is unusually fast.
You are covered in fur. (AC +1)
You have tough skin. (AC +1)


Message History

Things that are here:
a +0 club; a kobold corpse An ogre comes into view.
It is wielding a +0 giant club.
The ogre shouts!
You hit the ogre.
The ogre is moderately wounded.
The ogre hits you with a +0 giant club!
You sock the ogre!
The ogre is heavily wounded.
The ogre hits you with a +0 giant club!
You hit the ogre.
The ogre is severely wounded.
The ogre hits you with a +0 giant club!
An orc comes into view. It is wielding a +0 whip.
You are too injured to fight recklessly!
You are too injured to fight recklessly!
You are too injured to fight recklessly!
You are too injured to fight recklessly!
You are too injured to fight recklessly!
You are too injured to fight recklessly!
You are too injured to fight recklessly!
You are too injured to fight recklessly!
You are too injured to fight recklessly!
You are too injured to fight recklessly!
You are too injured to fight recklessly!
You are too injured to fight recklessly!
You are too injured to fight recklessly!
You are too injured to fight recklessly!
You are too injured to fight recklessly!
You barely miss the ogre.
The ogre is severely wounded.
The ogre hits you but does no damage.
You closely miss the ogre.
The ogre is severely wounded.
The ogre hits you with a +0 giant club!!
* * * LOW HITPOINT WARNING * * *
You closely miss the ogre.
The ogre is severely wounded.
The ogre hits you with a +0 giant club!!
You die...

.#.# #...... ##...
.#.#####..###.##..###
....>....##...#o...
#... .......#....#
#..###....#...#..#
#..#.....#.......#
####..#.#..###.###..#
#.........# ##O...?#
#.#####.#..###@###..#
#.# #.#.#.#.## #..#
#.# #.#.##.#####..#
###.# #.#...........#
..#.# #.###...#.#...#
.#..# #.###).....##..
###.# #...........#..
##.# #............#
## ##.........###


You could see an ogre.

Vanquished Creatures
  A hound (D:4)
  An orc priest (D:3)
  Jessica (D:2)
  A centaur skeleton (D:4)
  7 adders
  A worm (D:2)
  4 dart slugs
  5 orcs (D:3)
  8 ball pythons
  An endoplasm (D:2)
  A giant cockroach (D:2)
  9 goblins
  5 hobgoblins
  4 jackals
  8 quokkas
  11 bats
  3 frilled lizards
  6 kobolds
  4 rats (D:1)
81 creatures vanquished.

Notes
Turn   | Place    | Note
-------+----------+-------------------------------------------
     0 | D:1      | Descartes the Troll Warper began the quest for the Orb.
     0 | D:1      | Reached XP level 1. HP: 19/19 MP: 1/1
   124 | D:1      | Reached XP level 2. HP: 28/28 MP: 2/2
   353 | D:1      | Reached XP level 3. HP: 34/35 MP: 3/3
   731 | D:1      | Reached skill level 1 in Shields
   802 | D:2      | Reached XP level 4. HP: 42/42 MP: 4/4
   990 | D:2      | Noticed Jessica
   996 | D:2      | Killed Jessica
  1455 | D:3      | Reached XP level 5. HP: 38/50 MP: 5/5
  1734 | D:3      | Found a transporter.
  1757 | D:3      | Found a transporter.
  1843 | D:3      | Noticed NoAnimeNoLife's ghost (amateur OpHu)
  2050 | D:3      | Identified the +5 ring mail of the Eight Boll Weevils
                  | {Dex+4}
  2168 | D:4      | Reached XP level 6. HP: 51/59 MP: 6/6
  2195 | D:4      | Slain by an ogre

Illustrated notes

Levels and vault maps discovered:
D:1:      psy_arrival_spokes, layout_basic, minmay_crystal_room,
          minmay_misc_feat_secret_circle, amcnicky_mini_rare_corridor_liquid,
          minmay_tetromino_t2
D:2:      layout_basic, hangedman_feature_mirror, uniq_jessica
D:3:      minmay_chambers_of_twos, layout_basic, gammafunk_ghost_stat_death,
          minmay_close_crescents
D:4:      layout_loops_ring, mainiacjoe_overflow_24_doors, portal_sewer_entry_e,
          guppyfry_early_orc_mine

Skill      XL: |  1  2  3  4  5 |
---------------+----------------+-----
Maces & Flails | 2 3 |  3.2
Fighting       | 2 |  2.8
Shields        | 1 2 |  2.1
Translocations | 3 |  3.2
Throwing       | |  0.8
Dodging        | |  1.9
Spellcasting   | |  1.2

Action                   |  1- 3 |  4- 6 || total
-------------------------+-------+-------++-------
Melee: Mace              |   136 |    11 ||   147
       War axe           |       |    39 ||    39
       Flail             |       |   101 ||   101
  Use: Scroll            |       |     2 ||     2
 Stab: Sleeping          |     1 |     1 ||     2
Armor: Robe              |    72 |    63 ||   135
Dodge: Dodged            |    56 |    53 ||   109
Block: Kite shield       |    40 |    67 ||   107
